 Dungeon Crawl Stone Soup version 0.19.4-8-ga85b6b9 (webtiles) character file.

2822 sankara the Grappler (level 9, -20/75 HPs)
             Began as a Minotaur Transmuter on Feb 11, 2017.
             Was a Follower of Cheibriados.
             Demolished by a hill giant
             ... wielding a +0 giant spiked club
              (37 damage)
             ... on level 9 of the Dungeon.
             The game lasted 00:40:35 (7761 turns).

sankara the Grappler (Minotaur Transmuter)          Turns: 7761, Time: 00:40:35

Health: -20/75     AC:  8    Str: 18    XL:     9   Next: 45%
Magic:  5/19       EV: 12    Int: 13    God:    Cheibriados [*.....]
Gold:   356        SH:  0    Dex: 17    Spells: 2 memorised, 7 levels left

rFire  . . .     SeeInvis .       - Unarmed
rCold  . . .     Gourm    .     x - +1 ring mail
rNeg   . . .     Faith    .     (no shield)
rPois  .         Spirit   .     r - +2 hat
rElec  .         Reflect  .     (no cloak)
rCorr  .         Harm     .     (no gloves)
MR     .....                    (no boots)
Stlth  +.........               (no amulet)
                                f - ring of wizardry
                                o - ring of magical power

@: very slow
A: retaliatory headbutt, horns 2
a: Bend Time, Renounce Religion


You were on level 9 of the Dungeon.
You worshipped Cheibriados.
Cheibriados was aware of your devotion.
You were hungry.

You visited 2 branches of the dungeon, and saw 10 of its levels.
You also visited: Sewer.

You collected 356 gold pieces.

Inventory:

Missiles
 a - 167 arrows
 e - 5 javelins of penetration (quivered)
 s - 8 steel tomahawks
Armour
 r - a +2 hat (worn)
 x - a +1 ring mail (worn)
Jewellery
 f - a ring of wizardry (right hand)
 o - a ring of magical power (left hand)
Wands
 t - a wand of polymorph (8/24)
 z - a wand of acid (6/15)
Scrolls
 h - 2 scrolls of magic mapping
 i - 7 scrolls of teleportation
 j - a scroll of recharging
 n - 5 scrolls of identify
 q - 3 scrolls of amnesia
 u - 2 scrolls of fear
 w - a scroll of remove curse
 y - a scroll of random uselessness {unknown}
Potions
 b - a potion of flight
 g - 3 potions of curing
 m - 2 potions of heal wounds
 v - a potion of cancellation {unknown}
Books
 c - a book of Changes

   Spells                             Type                      Level
   a - Beastly Appendage              Transmutation                1
   b - Sticks to Snakes               Transmutation                2
   c - Spider Form                    Transmutation/Poison         3
   d - Ice Form                       Ice/Transmutation            4
   e - Blade Hands                    Transmutation                5
Comestibles
 d - 5 bread rations
 k - 7 fruits
 l - 3 meat rations
 p - 7 chunks of flesh


   Skills:
 - Level 6.1 Fighting
 - Level 4.0 Armour
 - Level 2.1 Dodging
 + Level 9.5 Unarmed Combat
 - Level 1.3 Spellcasting
 + Level 6.6 Transmutations
 + Level 2.2 Invocations


You had 7 spell levels left.
You knew the following spells:

 Your Spells              Type           Power        Failure   Level  Hunger
a - Beastly Appendage     Tmut           ###...       1%          1    ##.....
b - Sticks to Snakes      Tmut           ###.....     1%          2    ###....


Dungeon Overview and Level Annotations

Branches:
Dungeon (10/15)            Temple (1/1) D:6
   Lair: D:8-11         Orc: D:9-12

Altars:
Ashenzari
Cheibriados
Dithmenos
Elyvilon
Fedhas
Gozag
Hepliaklqana
Kikubaaqudgha
Makhleb
Nemelex Xobeh
Okawaru
Qazlal
Ru
Uskayaw
Vehumet
Yredelemnul

Shops:
D:5 ?   D:7 *

Annotations:
D:10 Urug


Innate Abilities, Weirdness & Mutations

You reflexively headbutt those who attack you in melee.
You have a pair of horns on your head.


Message History

Your ball python dies!
Your ball python bites the hill giant.
Your ball python bites the phantom.
The phantom blinks!
Urug the Orcish Ballista comes into view.
She is wielding an enchanted scimitar.
Urug shouts!
Your ball python withers and dies!
Urug moves out of view.
Your ball python barely misses the hill giant.
The hill giant misses you.
Your ball python bites the hill giant but does no damage.
Your ball python barely misses the hill giant.
There is a stone staircase leading up here.
Urug throws a javelin.
The javelin closely misses you.
Your ball python bites the hill giant but does no damage.
The hill giant closely misses you. You furiously retaliate!
You headbutt the hill giant.
You climb upwards.
There is a stone staircase leading down here.
The hill giant hits you with a giant spiked club!!!
You die...

#######
#.###.>...#
#...@C..#.#
#.###.#......
#.###.##. #..
.# #### #


You could see a hill giant.

Vanquished Creatures
  Joseph (D:10)
  A gargoyle (D:5)
  Sigmund (D:5)
  An ice beast (D:5)
  An orc warrior (D:6)
  An ogre (D:3)
  A phantom (D:4)
  3 centaurs
  A big kobold (Sewer)
  A bullfrog (D:7)
  A scorpion (D:5)
  2 howler monkeys
  3 crimson imps
  A gnoll shaman (D:10)
  A bullfrog zombie (D:5)
  A bullfrog skeleton (D:6)
  A hound (D:6)
  3 jellies
  3 orc priests
  4 orc wizards
  A centaur zombie (D:7)
  2 iguanas
  11 worker ants
  A hound skeleton (D:4)
  A hound zombie (D:5)
  12 gnolls
  5 adders
  2 howler monkey skeletons
  2 river rats (Sewer)
  A shadow imp (D:6)
  2 worms
  2 dart slugs
  5 leopard geckos
  32 orcs
  12 giant cockroaches
  12 goblins
  9 hobgoblins
  12 jackals
  12 kobolds
  4 quokkas
  3 ball pythons
  8 bats
  4 frilled lizards
  A leopard gecko skeleton (D:4)
  6 rats
194 creatures vanquished.

Vanquished Creatures (collateral kills)
  2 gnolls (D:10)
2 creatures vanquished.

Grand Total: 196 creatures vanquished

Notes
Turn   | Place    | Note
-------+----------+-------------------------------------------
     0 | D:1      | sankara the Minotaur Transmuter began the quest for the Orb.
     0 | D:1      | Reached XP level 1. HP: 16/16 MP: 1/1
   471 | D:1      | Reached XP level 2. HP: 22/23 MP: 0/3
   488 | D:1      | Reached skill level 4 in Unarmed Combat
   821 | D:1      | Reached XP level 3. HP: 28/28 MP: 2/4
  1309 | D:2      | Learned a level 2 spell: Sticks to Snakes
  1401 | D:2      | Reached XP level 4. HP: 32/35 MP: 1/5
  1874 | D:3      | Reached skill level 5 in Unarmed Combat
  2229 | D:3      | Reached XP level 5. HP: 28/40 MP: 4/6
  2900 | D:3      | Noticed an ogre
  2912 | D:3      | Killed an ogre
  2912 | D:3      | Reached XP level 6. HP: 7/51 MP: 7/7
  3492 | D:4      | Reached skill level 6 in Unarmed Combat
  3595 | D:4      | Reached skill level 1 in Armour
  3783 | D:4      | Found an iron altar of Okawaru.
  3860 | D:4      | Reached XP level 7. HP: 45/58 MP: 6/8
  4487 | D:5      | Entered Level 5 of the Dungeon
  4526 | D:5      | Found Raasab's Magic Scroll Shoppe.
  4565 | D:5      | Noticed a gargoyle
  4585 | D:5      | Killed a gargoyle
  4585 | D:5      | Reached skill level 5 in Fighting
  4585 | D:5      | Reached skill level 7 in Unarmed Combat
  4585 | D:5      | Reached XP level 8. HP: 25/68 MP: 9/9
  5029 | D:5      | Noticed Sigmund
  5046 | D:5      | Killed Sigmund
  5069 | D:5      | Found a glowing drain.
  5075 | D:5      | Reached skill level 5 in Transmutations
  5091 | Sewer    | Entered a sewer
  5384 | Sewer    | Found a glowing silver altar of Zin.
  5463 | D:5      | Found a blossoming altar of Fedhas.
  5541 | D:5      | Reached skill level 8 in Unarmed Combat
  6278 | D:6      | Found a blossoming altar of Fedhas.
  6310 | D:6      | Found a burning altar of Makhleb.
  6382 | D:6      | Reached XP level 9. HP: 66/75 MP: 10/10
  6475 | D:6      | Found a staircase to the Ecumenical Temple.
  6482 | Temple   | Entered the Ecumenical Temple
  6543 | Temple   | Became a worshipper of Cheibriados the Contemplative
  7041 | D:6      | Reached skill level 9 in Unarmed Combat
  7426 | D:7      | Found Hicsoq's General Store.
  7461 | D:7      | Reached * piety under Cheibriados
  7500 | D:7      | Reached skill level 1 in Invocations
  7578 | D:7      | You fall through a shaft for 3 floors!
  7578 | D:10     | Entered Level 10 of the Dungeon
  7586 | D:10     | Noticed Joseph
  7606 | D:10     | Killed Joseph
  7733 | D:10     | Noticed a hill giant
  7755 | D:10     | Noticed Urug
  7761 | D:9      | Demolished by a hill giant

Skill      XL: |  1  2  3  4  5  6  7  8  9 |
---------------+----------------------------+-----
Unarmed Combat | 4 5 6 7 8 9 |  9.5
Transmutations | 2 3 4 5 6 |  6.6
Fighting       | 3 5 6 |  6.1
Armour         | 1 3 4 |  4.0
Invocations    | 2 |  2.2
Dodging        | |  2.1
Spellcasting   | |  1.3

Action                   |  1- 3 |  4- 6 |  7- 9 || total
-------------------------+-------+-------+-------++-------
Melee: Unarmed           |   103 |   141 |   327 ||   571
       Kick              |    16 |    38 |    78 ||   132
       Headbutt          |    15 |    16 |    63 ||    94
       Punch             |     2 |     3 |    14 ||    19
Throw: Javelin           |       |    10 |     7 ||    17
 Cast: Beastly Appendage |    32 |    42 |    49 ||   123
       Sticks to Snakes  |       |       |    17 ||    17
Invok: Bend Time         |       |       |     2 ||     2
  Use: Scroll            |     8 |     1 |     1 ||    10
       Potion            |       |       |     6 ||     6
  Eat: Chunk             |     3 |     9 |    15 ||    27
       Fruit             |       |       |     1 ||     1
Armor: Robe              |    17 |     8 |       ||    25
       Scale mail        |       |     6 |       ||     6
       Ring mail         |       |     3 |   103 ||   106
Dodge: Dodged            |    65 |    69 |   194 ||   328
